 Dungeon Crawl Stone Soup version 0.29.0-4-gdea44cf6ec (webtiles) character file.

Game seed: 17762419861810007014

5531 qw the Grappler (level 10, -2/92 HPs)
             Began as a Troll Cinder Acolyte on Sept 3, 2022.
             Was a Follower of Ignis.
             Slain by a komodo dragon (18 damage)
             ... on level 1 of the Lair of Beasts.
             The game lasted 00:04:23 (8425 turns).

qw the Grappler (Troll Cinder Acolyte)              Turns: 8425, Time: 00:04:24

Health: -2/92      AC: 13    Str: 28    XL:     10   Next: 43%
Magic:  0/10       EV:  8    Int: 10    God:    Ignis [*.....]
Gold:   568        SH:  9    Dex:  5    Spells: 11/11 levels left

rFire   + . .      SeeInvis .     - Unarmed
rCold   + . .      Faith    .   n - +0 kite shield
rNeg    + . .      Spirit   +   a - +0 robe
rPois   .          Reflect  .   (helmet restricted)
rElec   .          Harm     .   j - +1 cloak {Will+}
rCorr   .          Rampage  .   (gloves unavailable)
Will    ++...                   (boots unavailable)
Stlth   +.........              r - amulet "Tocest" {Spirit rN+}
HPRegen 1.05/turn               f - ring of willpower
MPRegen 0.12/turn               h - ring of protection from cold

@: about to teleport, fiery-armoured
A: large, unfitting armour, claws 3, regeneration 1, shaggy fur 1, tough skin 1
a: Renounce Religion, Fiery Armour, Foxfire Swarm, Rising Flame


You were on level 1 of the Lair of Beasts.
You worshipped Ignis.
Ignis was aware of your devotion.
You visited 2 branches of the dungeon, and saw 10 of its levels.

You collected 698 gold pieces.
You spent 130 gold pieces at shops.


Innate Abilities, Weirdness & Mutations

You are too large for most types of armour.
You have claws for hands.
Your natural rate of healing is unusually fast.
You are covered in fur. (AC +1)
You have tough skin. (AC +1)


   Skills:
 - Level 4.0 Fighting
 - Level 2.1 Throwing
 - Level 1.3 Dodging
 - Level 9.3 Shields
 + Level 11.2 Unarmed Combat
 - Level 1.0 Spellcasting
 - Level 2.1 Fire Magic


You had 11 spell levels left.
You didn't know any spells.
Your spell library contained the following spells:

 Spells                   Type           Power      Damage    Failure   Level
 Scorch                   Fire           8%         2d5       38%         2

Inventory:

Missiles
 i - 10 boomerangs (quivered)
Armour
 a - a +0 robe (worn)
 b - a scarf of resistance
 j - a +1 cloak of willpower (worn)
 n - a +0 kite shield (worn)
Jewellery
 f - a ring of willpower (left claw)
 h - a ring of protection from cold (right claw)
 p - a ring of positive energy
 r - the amulet "Tocest" (around neck) {Spirit rN+}
   (You found it on level 9 of the Dungeon)

   [amulet of guardian spirit]

   It causes incoming damage to be divided between your reserves of health and
   magic.
   rN:        It protects you from negative energy.
Wands
 g - a wand of digging (5)
Scrolls
 d - 2 scrolls of identify
 l - a scroll of enchant weapon
 m - a scroll of teleportation
 s - a scroll of silence {unknown}
Potions
 c - a potion of mutation
 e - a potion of might
 k - 8 potions of curing
 o - 2 potions of heal wounds
 q - a potion of invisibility {unknown}

Dungeon Overview and Level Annotations

Branches:
Dungeon (9/15)             Temple (0/1) D:5            Lair (1/5) D:9
    Orc: D:9-12

Altars:
Wu Jian
Xom
Jiyva
Lugonu

Shops:
D:3 ?   D:9 (

Portals:
Ossuary: D:6
Bailey: D:8

Annotations:
D:6 1 runed translucent door, Quhemo's ghost, novice SpEn
D:8 3 runed translucent doors, qw's ghost, novice TrCA
D:9 2 transporters


Message History

Throw: 10 boomerangs
Press: ? - help, Q - select action Shift-Dir - straight line, f - water moccasin You throw a boomerang.
The boomerang barely misses the water moccasin.
The boomerang closely misses the komodo dragon.
Throw: 10 boomerangs
Press: ? - help, Q - select action Shift-Dir - straight line, f/p - water moccasin You throw a boomerang.
The boomerang misses the water moccasin.
You barely miss the water moccasin. You block the water moccasin's attack.
You completely miss the water moccasin. You block the water moccasin's attack.
The water moccasin bites you.
You claw the komodo dragon!
The komodo dragon is moderately wounded.
The water moccasin barely misses you. You block the komodo dragon's attack.
You scratch the komodo dragon.
The komodo dragon is moderately wounded.
The water moccasin bites you.
You barely miss the komodo dragon.
The komodo dragon is moderately wounded.
The water moccasin bites you. The komodo dragon bites you!!
You block the water moccasin's attack.
You mangle the komodo dragon!!
The komodo dragon is severely wounded.
The komodo dragon bites you! The water moccasin bites you.
You barely miss the komodo dragon.
The komodo dragon is severely wounded.
The komodo dragon bites you! The water moccasin bites you.
8424 ||| INVOKING Fiery Armour.
A protective cloak of flame settles atop you.
The water moccasin bites you.
The water moccasin is burned by your cloak of flames.
The water moccasin is moderately wounded.
The komodo dragon bites you!!
8425 ||| READING 2 scrolls of teleportation.
As you read the scroll of teleportation, it crumbles to dust.
You feel strangely unstable. You block the water moccasin's attack.
The komodo dragon bites you!!
You die...

..# ##........ ..#
##..............
###
##...##.......... #
##...###..........
#
##..##^##..........
## ###..## ##
..........
.###...##
#........# .....###
#.lS...... ....##
#.@# ....# #..#
..P## ###..# .###
#..#.## .## ##.#..#
#.# ##....# .##
#.....# ### #P.!..#
..#### ####..#


You could see a komodo dragon and a water moccasin.

Vanquished Creatures
  A hydra (Lair:1)
  A death yak (Lair:1)
  A torpor snail (Lair:1)
  A cane toad (Lair:1)
  A vampire (D:9)
  2 wyverns (D:9)
  2 water moccasins
  2 orc warriors (D:9)
  2 black bears
  An ice beast (D:5)
  2 ogres
  5 wolves (Lair:1)
  2 centaurs
  Blork the orc (D:4)
  2 kobold brigands
  A gnoll sergeant (D:7)
  5 bullfrogs
  2 scorpions (D:5)
  4 necrophages
  3 wights (D:9)
  3 jellies
  5 hounds
  A gnoll bouda (D:7)
  3 orc priests
  3 iguanas
  5 orc wizards
  Robin (D:2)
  10 gnolls
  7 adders
  A white imp (D:8)
  A dart slug (D:2)
  26 orcs
  6 bats
  9 endoplasms
  3 giant cockroaches
  13 goblins
  14 hobgoblins
  7 jackals
  17 kobolds
  6 quokkas
  6 ball pythons
  5 frilled lizards
  9 rats
202 creatures vanquished.

Vanquished Creatures (others)
  5 fungi
  4 plants (D:9)
  3 toadstools (D:1)
12 creatures vanquished.

Grand Total: 214 creatures vanquished

Notes
Turn   | Place    | Note
-------+----------+-------------------------------------------
     0 | D:1      | qw the Troll Cinder Acolyte began the quest for the Orb.
     0 | D:1      | Reached XP level 1. HP: 22/22 MP: 1/1
     0 | D:1      | 0 ||| qw: Version: 0.1-a-102-g441f92d
     0 | D:1      | 0 ||| qw: Game counter: 5071
     0 | D:1      | 0 ||| qw: Always use a shield: true
     0 | D:1      | 0 ||| qw: God list: Okawaru
     0 | D:1      | 0 ||| qw: Allow faded altars: false
     0 | D:1      | 0 ||| qw: Do Orc after D:15 true
     0 | D:1      | 0 ||| qw: Do second Lair branch before Depths: true
     0 | D:1      | 0 ||| qw: Lair rune preference: random
     0 | D:1      | 0 ||| qw: Plans: Normal
     0 | D:1      | 0 ||| PLANNING D:1-11
   278 | D:1      | Reached XP level 2. HP: 29/29 MP: 2/2
   299 | D:1      | 299 ||| Stepping ~*~*~tactically~*~*~ (outnumbered).
   441 | D:1      | Reached skill level 4 in Unarmed Combat
   454 | D:1      | 454 ||| Stepping ~*~*~tactically~*~*~ (outnumbered).
   484 | D:1      | Found a faded altar of an unknown god.
   754 | D:1      | Reached XP level 3. HP: 36/36 MP: 3/3
   954 | D:1      | 954 ||| Stepping ~*~*~tactically~*~*~ (stealth).
  1011 | D:1      | 1011 ||| READING scroll labelled NYGAEGI JUYL.
  1012 | D:1      | 1012 ||| READING 3 scrolls labelled IDUCOEFRYNEI.
  1013 | D:1      | 1013 ||| READING scroll labelled MITRAT WEU.
  1014 | D:1      | 1014 ||| READING 2 scrolls labelled EKHAEVA IVUI.
  1015 | D:1      | 1015 ||| READING scroll labelled UQAUFOFUQA.
  1016 | D:1      | 1016 ||| DROPPING scroll of immolation.
  1228 | D:2      | 1228 ||| Stepping ~*~*~tactically~*~*~ (outnumbered).
  1263 | D:2      | Reached skill level 5 in Unarmed Combat
  1263 | D:2      | Reached XP level 4. HP: 32/44 MP: 4/4
  1449 | D:2      | Noticed Robin
  1450 | D:2      | 1450 ||| Stepping ~*~*~tactically~*~*~ (stealth).
  1452 | D:2      | 1452 ||| Stepping ~*~*~tactically~*~*~ (stealth).
  1458 | D:2      | 1458 ||| Stepping ~*~*~tactically~*~*~ (outnumbered).
  1459 | D:2      | 1459 ||| Stepping ~*~*~tactically~*~*~ (outnumbered).
  1460 | D:2      | 1460 ||| Stepping ~*~*~tactically~*~*~ (outnumbered).
  1461 | D:2      | 1461 ||| Stepping ~*~*~tactically~*~*~ (outnumbered).
  1462 | D:2      | 1462 ||| Stepping ~*~*~tactically~*~*~ (outnumbered).
  1463 | D:2      | 1463 ||| Stepping ~*~*~tactically~*~*~ (outnumbered).
  1598 | D:2      | 1598 ||| Stepping ~*~*~tactically~*~*~ (outnumbered).
  1599 | D:2      | 1599 ||| Stepping ~*~*~tactically~*~*~ (outnumbered).
  1600 | D:2      | 1600 ||| INVOKING Fiery Armour.
  1601 | D:2      | 1601 ||| Stepping ~*~*~tactically~*~*~ (outnumbered).
  1602 | D:2      | 1602 ||| Stepping ~*~*~tactically~*~*~ (outnumbered).
  1608 | D:2      | 1608 ||| Stepping ~*~*~tactically~*~*~ (outnumbered).
  1618 | D:2      | 1618 ||| Stepping ~*~*~tactically~*~*~ (stealth).
  1808 | D:2      | 1808 ||| Stepping ~*~*~tactically~*~*~ (hiding).
  1811 | D:2      | 1811 ||| Stepping ~*~*~tactically~*~*~ (hiding).
  1813 | D:2      | 1813 ||| Stepping ~*~*~tactically~*~*~ (hiding).
  1814 | D:2      | 1814 ||| Stepping ~*~*~tactically~*~*~ (hiding).
  1815 | D:2      | 1815 ||| Stepping ~*~*~tactically~*~*~ (hiding).
  1828 | D:2      | Killed Robin
  1893 | D:2      | 1893 ||| READING scroll labelled DEREATHR JENU.
  1894 | D:2      | 1894 ||| READING scroll labelled RAEH XAOWNIVYU.
  1895 | D:2      | 1895 ||| READING 6 scrolls of identify.
  1895 | D:2      | 1895 ||| IDENTIFYING smoky grey potion
  1896 | D:2      | 1896 ||| READING 5 scrolls of identify.
  1896 | D:2      | 1896 ||| IDENTIFYING white potion
  1897 | D:2      | 1897 ||| DROPPING potion of brilliance.
  1920 | D:3      | 1920 ||| PLANNING SEWER
  2224 | D:3      | 2224 ||| Stepping ~*~*~tactically~*~*~ (stealth).
  2332 | D:3      | Found Legu's Magic Scroll Boutique.
  2349 | D:3      | 2349 ||| SHOPLISTING 3 scrolls of enchant armour (292 gold,
                  | have 271).
  2349 | D:3      | 2349 ||| SHOPLISTING scroll of acquirement (676 gold, have
                  | 271).
  2349 | D:3      | 2349 ||| BUYING scroll of identify (26 gold).
  2349 | D:3      | Bought a scroll of identify for 26 gold pieces
  2349 | D:3      | 2349 ||| BUYING scroll of identify (26 gold).
  2349 | D:3      | Bought a scroll of identify for 26 gold pieces
  2349 | D:3      | 2349 ||| BUYING scroll of teleportation (39 gold).
  2349 | D:3      | Bought a scroll of teleportation for 39 gold pieces
  2349 | D:3      | 2349 ||| BUYING scroll of teleportation (39 gold).
  2349 | D:3      | Bought a scroll of teleportation for 39 gold pieces
  2355 | D:3      | Identified the +1 leather armour of the Dungeon {Regen+
                  | Str+4}
  2401 | D:3      | Reached XP level 5. HP: 50/50 MP: 5/5
  2469 | D:3      | Found an ornate altar of the Wu Jian Council.
  2551 | D:3      | Found a glowing drain.
  2552 | D:3      | 2552 ||| UPGRADING to scarf of resistance.
  2557 | D:3      | 2557 ||| UPGRADING to ring of willpower.
  2558 | D:3      | 2558 ||| READING scroll labelled FITAOC TIZYVOLLE.
  2559 | D:3      | 2559 ||| READING 3 scrolls labelled ENAGIU LUENA.
  2560 | D:3      | 2560 ||| READING 6 scrolls of identify.
  2560 | D:3      | 2560 ||| IDENTIFYING fizzy blue potion
  2563 | D:3      | 2563 ||| DROPPING 2 scrolls of noise.
  2951 | D:3      | 2951 ||| RIP SEWER
  2951 | D:3      | 2951 ||| PLANNING D:1-11
  3158 | D:4      | Reached skill level 6 in Unarmed Combat
  3252 | D:4      | Noticed Blork the orc
  3253 | D:4      | 3253 ||| Stepping ~*~*~tactically~*~*~ (hiding).
  3261 | D:4      | 3261 ||| INVOKING Fiery Armour.
  3266 | D:4      | Killed Blork the orc
  3267 | D:4      | Reached XP level 6. HP: 24/59 MP: 6/6
  3426 | D:4      | 3426 ||| INVOKING Fiery Armour.
  3712 | D:4      | Reached skill level 7 in Unarmed Combat
  3774 | D:4      | 3774 ||| READING scroll labelled HAEBLOIRIK.
  3775 | D:4      | 3775 ||| READING 5 scrolls of identify.
  3775 | D:4      | 3775 ||| IDENTIFYING bubbling black potion
  3776 | D:4      | 3776 ||| DROPPING potion of berserk rage.
  3812 | D:3      | 3812 ||| READING 2 scrolls of teleportation.
  3999 | D:5      | Entered Level 5 of the Dungeon
  4099 | D:5      | Reached XP level 7. HP: 66/66 MP: 7/7
  4208 | D:5      | 4208 ||| Stepping ~*~*~tactically~*~*~ (stealth).
  4209 | D:5      | 4209 ||| Stepping ~*~*~tactically~*~*~ (stealth).
  4216 | D:5      | 4216 ||| Stepping ~*~*~tactically~*~*~ (stealth).
  4224 | D:5      | 4224 ||| Stepping ~*~*~tactically~*~*~ (outnumbered).
  4225 | D:5      | 4225 ||| Stepping ~*~*~tactically~*~*~ (outnumbered).
  4375 | D:5      | Reached skill level 8 in Unarmed Combat
  4446 | D:5      | Reached skill level 3 in Fighting
  4569 | D:5      | Found a staircase to the Ecumenical Temple.
  4719 | D:5      | 4719 ||| INVOKING Fiery Armour.
  4723 | D:5      | Reached skill level 9 in Unarmed Combat
  4723 | D:5      | Reached XP level 8. HP: 40/75 MP: 8/8
  4922 | D:5      | 4922 ||| READING 6 scrolls of identify.
  4922 | D:5      | 4922 ||| IDENTIFYING bubbling grey potion
  4923 | D:5      | 4923 ||| READING 5 scrolls of identify.
  4923 | D:5      | 4923 ||| IDENTIFYING black potion
  4924 | D:5      | 4924 ||| DROPPING potion of ambrosia.
  4925 | D:5      | 4925 ||| READING scroll of teleportation.
  4977 | D:6      | 4977 ||| PLANNING OSSUARY
  4988 | D:6      | 4988 ||| INVOKING Fiery Armour.
  4994 | D:6      | 4994 ||| Stepping ~*~*~tactically~*~*~ (outnumbered).
  4996 | D:6      | 4996 ||| Stepping ~*~*~tactically~*~*~ (outnumbered).
  4997 | D:6      | 4997 ||| Stepping ~*~*~tactically~*~*~ (outnumbered).
  4998 | D:6      | 4998 ||| Stepping ~*~*~tactically~*~*~ (outnumbered).
  5002 | D:6      | Reached skill level 1 in Dodging
  5082 | D:6      | 5082 ||| Stepping ~*~*~tactically~*~*~ (hiding).
  5083 | D:6      | 5083 ||| Stepping ~*~*~tactically~*~*~ (hiding).
  5099 | D:6      | 5099 ||| Stepping ~*~*~tactically~*~*~ (stealth).
  5218 | D:6      | Found a sand-covered staircase.
  5219 | D:6      | 5219 ||| READING 4 scrolls of identify.
  5219 | D:6      | 5219 ||| IDENTIFYING bubbling cyan potion
  5220 | D:6      | 5220 ||| READING 3 scrolls of identify.
  5220 | D:6      | 5220 ||| IDENTIFYING golden potion
  5221 | D:6      | 5221 ||| READING 2 scrolls of identify.
  5221 | D:6      | 5221 ||| IDENTIFYING sedimented blue potion
  5222 | D:6      | 5222 ||| DROPPING potion of lignification.
  5223 | D:6      | 5223 ||| DROPPING potion of attraction.
  5224 | D:6      | 5224 ||| DROPPING potion of degeneration.
  5243 | D:6      | Found a runed translucent door.
  5243 | D:6      | Found a shimmering altar of Xom.
  5243 | D:6      | Noticed a +1 quarterstaff of chaos
  5243 | D:6      | Noticed Quhemo's ghost (novice SpEn)
  5275 | D:6      | 5275 ||| UPGRADING to ring of protection from cold.
  5276 | D:6      | 5276 ||| UPGRADING to +1 cloak of willpower.
  5291 | D:6      | 5291 ||| Stepping ~*~*~tactically~*~*~ (stealth).
  5476 | D:6      | 5476 ||| Stepping ~*~*~tactically~*~*~ (stealth).
  5490 | D:6      | Reached skill level 10 in Unarmed Combat
  5663 | D:6      | 5663 ||| RIP OSSUARY
  5663 | D:6      | 5663 ||| PLANNING D:1-11
  5778 | D:7      | Identified the +6 hand axe of the Secret Suns {pain,
                  | Stlth+}
  5801 | D:7      | 5801 ||| INVOKING Fiery Armour.
  5809 | D:7      | 5809 ||| Stepping ~*~*~tactically~*~*~ (outnumbered).
  5866 | D:7      | Identified the +0 scale mail "Woadul" {+Blink rC- Str+3
                  | Int+6}
  5908 | D:7      | 5908 ||| Stepping ~*~*~tactically~*~*~ (hiding).
  6009 | D:7      | Identified the +4 quarterstaff of Flawed Execution {elec,
                  | rPois rF+}
  6192 | D:7      | 6192 ||| Stepping ~*~*~tactically~*~*~ (stealth).
  6193 | D:7      | 6193 ||| Stepping ~*~*~tactically~*~*~ (stealth).
  6211 | D:7      | 6211 ||| UPGRADING to +0 kite shield.
  6216 | D:7      | 6216 ||| READING 3 scrolls of identify.
  6216 | D:7      | 6216 ||| IDENTIFYING coppery potion
  6291 | D:8      | Found a flagged portal.
  6532 | D:8      | Found a runed translucent gate.
  6532 | D:8      | Found a runed translucent gate.
  6532 | D:8      | Found a runed translucent gate.
  6532 | D:8      | Noticed a slime creature
  6533 | D:8      | Noticed qw's ghost (novice TrCA)
  6691 | D:8      | 6691 ||| Stepping ~*~*~tactically~*~*~ (hiding).
  6698 | D:8      | Reached skill level 1 in Shields
  6698 | D:8      | Reached XP level 9. HP: 52/84 MP: 9/9
  6788 | D:8      | Found a viscous altar of Jiyva.
  6789 | D:8      | 6789 ||| READING 2 scrolls of teleportation.
  6824 | D:9      | Found Duherit's Weapon Shop.
  6851 | D:9      | Found a transporter.
  6852 | D:9      | Noticed a white ugly thing
  6852 | D:9      | Noticed a white ugly thing
  6852 | D:9      | Noticed a red ugly thing
  6852 | D:9      | Noticed a white ugly thing
  6853 | D:9      | Found a corrupted altar of Lugonu.
  6865 | D:9      | 6865 ||| INVOKING Fiery Armour.
  6867 | D:9      | 6867 ||| Stepping ~*~*~tactically~*~*~ (outnumbered).
  6868 | D:9      | 6868 ||| Stepping ~*~*~tactically~*~*~ (outnumbered).
  6869 | D:9      | 6869 ||| Stepping ~*~*~tactically~*~*~ (outnumbered).
  6870 | D:9      | 6870 ||| Stepping ~*~*~tactically~*~*~ (outnumbered).
  6876 | D:9      | 6876 ||| Stepping ~*~*~tactically~*~*~ (outnumbered).
  6877 | D:9      | 6877 ||| Stepping ~*~*~tactically~*~*~ (outnumbered).
  6878 | D:9      | 6878 ||| Stepping ~*~*~tactically~*~*~ (outnumbered).
  6879 | D:9      | 6879 ||| Stepping ~*~*~tactically~*~*~ (outnumbered).
  6988 | D:9      | Reached skill level 3 in Shields
  6988 | D:9      | 6988 ||| FLEEEEING.
  6989 | D:9      | 6989 ||| FLEEEEING.
  6990 | D:9      | 6990 ||| FLEEEEING.
  6991 | D:9      | 6991 ||| FLEEEEING.
  6992 | D:9      | 6992 ||| FLEEEEING.
  6993 | D:9      | 6993 ||| FLEEEEING.
  6994 | D:9      | 6994 ||| FLEEEEING.
  6995 | D:9      | 6995 ||| FLEEEEING.
  6996 | D:9      | 6996 ||| FLEEEEING.
  6997 | D:9      | 6997 ||| FLEEEEING.
  6998 | D:9      | 6998 ||| FLEEEEING.
  6999 | D:9      | 6999 ||| FLEEEEING.
  7002 | D:9      | 7002 ||| FLEEEEING.
  7003 | D:9      | 7003 ||| FLEEEEING.
  7140 | D:9      | 7140 ||| Stepping ~*~*~tactically~*~*~ (stealth).
  7300 | D:9      | Found a transporter.
  7341 | D:9      | Reached skill level 6 in Shields
  7589 | D:9      | Found a staircase to the Lair.
  7594 | D:9      | 7594 ||| INVOKING Fiery Armour.
  7638 | D:9      | Identified the amulet "Tocest" {Spirit rN+}
  7640 | D:9      | 7640 ||| UPGRADING to amulet "Tocest" {Spirit rN+}.
  7645 | D:9      | 7645 ||| PLANNING LAIR
  7645 | D:9      | 7645 ||| READING 2 scrolls of identify.
  7645 | D:9      | 7645 ||| IDENTIFYING metallic emerald potion
  7646 | D:9      | 7646 ||| DROPPING potion of flight.
  7649 | Lair:1   | Entered Level 1 of the Lair of Beasts
  7649 | Lair:1   | Noticed a seven-headed hydra
  7657 | Lair:1   | Killed a ten-headed hydra
  7660 | Lair:1   | Noticed a torpor snail
  7667 | Lair:1   | Killed a torpor snail
  7668 | Lair:1   | Reached XP level 10. HP: 87/92 MP: 8/10
  7881 | Lair:1   | Noticed a cane toad
  7891 | Lair:1   | 7891 ||| INVOKING Fiery Armour.
  7892 | Lair:1   | Killed a cane toad
  7893 | Lair:1   | Reached skill level 11 in Unarmed Combat
  8267 | Lair:1   | Noticed a death yak
  8268 | Lair:1   | 8268 ||| INVOKING Fiery Armour.
  8278 | Lair:1   | Killed a death yak
  8279 | Lair:1   | Reached skill level 9 in Shields
  8424 | Lair:1   | 8424 ||| INVOKING Fiery Armour.
  8424 | Lair:1   | HP: 15/92 [komodo dragon (22)]
  8425 | Lair:1   | 8425 ||| READING 2 scrolls of teleportation.
  8425 | Lair:1   | Slain by a komodo dragon

Levels and vault maps discovered:
D:1:      matt_arrival_los_fun, layout_basic,
          ebering_ecumenical_altar_petrified, minmay_gold_behind_fungi,
          serial_park_tiny_pond, kennysheep_pointless_box
D:2:      layout_basic, uniq_robin
D:3:      layout_basic, nicolae_overflow_hidden_temple, portal_sewer_entry_f,
          serial_shops, shop, minmay_parallelograms
D:4:      layout_gridville, kennysheep_nondescript, uniq_blork_the_orc
D:5:      layout_loops_cross, lemuel_temple_firewalk_b, serial_rivers,
          chequers_serial_rivers_micro_e, chequers_serial_rivers_micro_c,
          chequers_serial_rivers_small_a, chequers_serial_rivers_large_a,
          chequers_serial_rivers_micro_a, chequers_serial_rivers_micro_b
D:6:      layout_gridville, nicolae_ossuary_entry_false_entrances,
          ebering_ghost_xom
D:7:      layout_basic
D:8:      layout_rooms, gammafunk_ghost_ooze, enter_bailey_5
D:9:      gammafunk_corrupted_shrine, layout_irregular_city,
          grunt_lair_entry_orc_guard_hut, serial_shops, nicolae_shop_crystal
Lair:1:   layout_cave_pods, serial_bayou_shore_b

Skill      XL: |  1  2  3  4  5  6  7  8  9 10 |
---------------+-------------------------------+-----
Unarmed Combat | 4 5 6 7 9 10 11 | 11.2
Throwing       | 2 |  2.1
Fighting       | 3 4 |  4.0
Dodging        | 1 |  1.3
Shields        | 1 8 9 |  9.3
Spellcasting   | |  1.0
Fire Magic     | |  2.1

Action                   |  1- 3 |  4- 6 |  7- 9 | 10-12 || total
-------------------------+-------+-------+-------+-------++-------
Melee: Unarmed           |   122 |   170 |   231 |    44 ||   567
       Punch             |     1 |     2 |     5 |       ||     8
Throw: Javelin           |       |    30 |     1 |       ||    31
       Boomerang         |       |       |    26 |    12 ||    38
Invok: Fiery Armour      |       |     3 |     5 |     3 ||    11
  Use: Scroll            |     5 |    10 |     9 |     1 ||    25
Armor: Robe              |    26 |    61 |    72 |     9 ||   168
Dodge: Dodged            |    35 |    70 |    77 |    16 ||   198
Block: Kite shield       |       |       |    31 |    23 ||    54

Table legend:
 A = Non-vault XP
 B = Vault XP
 C = Vault XP percentage of total XP
 D = Non-vault monster count
 E = Vault monster count
 F = Vault count percentage of total count
                 A         B        C        D         E       F
            +---------+---------+-------+---------+---------+-------
      Total |    7318 |     584 |   7.4 |     178 |      24 |  11.9
            +---------+---------+-------+---------+---------+-------
        D:1 |      58 |       0 |   0.0 |      30 |       0 |   0.0
        D:2 |      76 |      37 |  32.7 |      18 |      13 |  41.9
        D:3 |      34 |       4 |  10.5 |      18 |       2 |  10.0
        D:4 |     267 |      99 |  27.0 |      21 |       1 |   4.5
        D:5 |     882 |       0 |   0.0 |      19 |       0 |   0.0
        D:6 |     552 |       0 |   0.0 |      20 |       0 |   0.0
        D:7 |     677 |       0 |   0.0 |      20 |       0 |   0.0
        D:8 |     122 |       7 |   5.4 |       3 |       4 |  57.1
        D:9 |    1310 |     437 |  25.0 |      17 |       4 |  19.0
     Lair:1 |    3340 |       0 |   0.0 |      12 |       0 |   0.0
            +---------+---------+-------+---------+---------+-------
